 Dungeon Crawl Stone Soup version 0.27-a0-1065-ge809cff456 (webtiles) character file.

Game seed: 7775989701577111034

144 Nvm9 the Skirmisher (level 5, -5/41 HPs)
             Began as a Demonspawn Fighter on Jan 18, 2021.
             Killed from afar by an orc wizard (8 damage)
             ... with a magic dart
             ... on level 3 of the Dungeon on Apr 23, 2021.
             The game lasted 00:06:31 (2307 turns).

Nvm9 the Skirmisher (Demonspawn Fighter)            Turns: 2307, Time: 00:06:31

Health: -5/41      AC: 11    Str: 17    XL:     5   Next: 5%
Magic:  5/5        EV:  2    Int: 10    God:
Gold:   141        SH:  9    Dex: 18    Spells: 4/4 levels left

rFire    . . .     SeeInvis .   a - +0 war axe
rCold    . . .     Faith    .   c - +0 kite shield
rNeg     . . .     Spirit   .   l - +0 plate armour
rPois    .         Reflect  .   (no helmet)
rElec    .         Harm     .   n - scarf {+Inv}
rCorr    .         Rampage  .   (no gloves)
Will     .....                  (no boots)
Stlth    ..........             (no amulet)
HPRegen  0.13/turn              f - +6 ring of dexterity
MPRegen  0.09/turn              (no ring)

@: no status effects
A: powered by death 1
a: Evoke Invisibility


You were on level 3 of the Dungeon.
You visited 1 branch of the dungeon, and saw 3 of its levels.

You collected 141 gold pieces.

Inventory:

Hand Weapons
 a - a +0 war axe (weapon)
Armour
 b - a +0 scale mail
 c - a +0 kite shield (worn)
 j - a +0 chain mail
 l - a +0 plate armour (worn)
 n - a scarf of invisibility (worn)
Jewellery
 f - a +6 ring of dexterity (left hand)
Wands
 q - a wand of flame (26)
Scrolls
 g - a scroll of identify
 h - a scroll of enchant armour
 k - a scroll of amnesia {unknown}
 m - a scroll of vulnerability {unknown}
 o - a scroll of noise {unknown}
 p - a scroll of teleportation {unknown}
Potions
 d - a potion of might
 e - 4 potions of curing {unknown}
 i - a potion of invisibility {unknown}


   Skills:
 + Level 3.5 Fighting
 + Level 3.5 Axes
 + Level 3.0 Armour
 + Level 0.1 Dodging
 + Level 3.5 Shields


You had 4 spell levels left.
You didn't know any spells.
Your spell library was empty.

Dungeon Overview and Level Annotations

Branches:
Dungeon (3/15)

Altars:


Innate Abilities, Weirdness & Mutations

You regenerate a little health from kills.


Message History

You slash the orc!
You kill the orc!
You hit the orc wizard. You block the orc wizard's attack.
The orc wizard points at you and mumbles some strange words.
You are confused.
The orc priest looks encouraged for a moment.
Unknown command.
Unknown command.
You hit the orc priest.
You kill the orc priest!
You barely miss the orc wizard. You closely miss the orc.
The orc wizard completely misses you. The orc hits you with a +0 short sword.
You have reached level 5!
You bump into the rock wall.
The orc wizard hits you but does no damage.
The orc hits you but does no damage.
You're too confused to move!
The orc wizard hits you but does no damage.
The orc barely misses you.
You hit the orc but do no damage. You barely miss the orc wizard.
The orc wizard hits you but does no damage.
The orc hits you but does no damage.
The orc wizard hits you with a +0 dagger.
The orc hits you but does no damage.
You closely miss the orc. You hit the orc wizard.
You feel less confused. The orc wizard casts a spell at you.
The magic dart hits you but does no damage.
The orc hits you with a +0 short sword.
* * * LOW HITPOINT WARNING * * *
The orc wizard gestures at you while chanting.
The magic dart hits you!
* * * LOW HITPOINT WARNING * * *
You block the orc's attack.
You completely miss the orc wizard.
The orc wizard is moderately wounded.
You hit the orc but do no damage.
The orc wizard gestures at you while chanting.
The magic dart hits you!
You die...

....####..#
#.........#
#.?.......#
#.........
#.=.....#
#######.......+
#........)o...###
#........@o......
#........#####...
#........#
#........#####
.........)...#
.#######.....#
###.....######
#.............#
#<............#


You could see an orc wizard and an orc.

Vanquished Creatures
  2 orc priests (D:3)
  A gnoll (D:1)
  An adder (D:2)
  3 dart slugs
  6 orcs (D:3)
  A removed leopard gecko (D:1)
  3 endoplasms (D:2)
  A ghost (D:1)
  6 giant cockroaches (D:1)
  3 goblins (D:1)
  2 hobgoblins
  4 jackals (D:3)
  A quokka (D:2)
  A ball python (D:2)
  7 bats
  3 frilled lizards
  6 kobolds
  3 rats
54 creatures vanquished.

Vanquished Creatures (others)
  6 plants (D:1)
6 creatures vanquished.

Grand Total: 60 creatures vanquished

Notes
Turn   | Place    | Note
-------+----------+-------------------------------------------
     0 | D:1      | Nvm9 the Demonspawn Fighter began the quest for the Orb.
     0 | D:1      | Reached XP level 1. HP: 18/18 MP: 1/1
   167 | D:1      | Gained mutation: You regenerate a little health from kills.
                  | [demonic ancestry]
   167 | D:1      | Reached XP level 2. HP: 23/24 MP: 2/2
   684 | D:1      | Reached XP level 3. HP: 23/29 MP: 3/3
   776 | D:1      | Upgraded the game from 0.27-a0-95-g5a9077b8ae to
                  | 0.27-a0-1065-ge809cff456
  1667 | D:2      | Reached XP level 4. HP: 26/35 MP: 4/4
  2303 | D:3      | Reached XP level 5. HP: 14/41 MP: 5/5
  2307 | D:3      | Killed from afar by an orc wizard

Illustrated notes

Levels and vault maps discovered:
D:1:      eino_arrival_tree_alley, layout_loops_ring, hangedman_decor_points,
          nrook_loot_triangle, minmay_fountain_box
D:2:      layout_basic, kennysheep_generic_room_6
D:3:      layout_basic, xom_teletrap_fun, grunt_decor_arrowhead

Skill      XL: |  1  2  3  4 |
---------------+-------------+-----
Shields        | 3 |  3.5
Axes           | 2 3 |  3.5
Armour         | 3 |  3.0
Fighting       | |  3.5
Dodging        | |  0.1

Action                   |  1- 3 |  4- 6 || total
-------------------------+-------+-------++-------
Melee: War axe           |    95 |    47 ||   142
  Use: Scroll            |     1 |       ||     1
Armor: Scale mail        |    17 |       ||    17
       Chain mail        |    16 |       ||    16
       Plate armour      |    15 |    54 ||    69
Dodge: Dodged            |    15 |     3 ||    18
Block: Kite shield       |    47 |    24 ||    71

Table legend: (Time is in decaauts)
 A = Elapsed time spent in this place.
 B = Non-inter-level travel time spent in this place.
 C = Inter-level travel time spent in this place.
 D = Time resting spent in this place.
 E = Time spent auto-exploring this place.
 F = Levels seen in this place.
 G = Mean time per level.
                   A        B        C        D        E       F      G
               +--------+--------+--------+--------+--------+-----+--------+
         Total |   2384 |   2336 |     48 |      0 |   1857 |   3 |  794.7 |
       Dungeon |   2384 |   2336 |     48 |      0 |   1857 |   3 |  794.7 |
               +--------+--------+--------+--------+--------+-----+--------+

Top non-repeatable levels by time:
     D:1: 1056 daAuts
     D:2: 1032 daAuts
     D:3: 295 daAuts
